[Event "Titled Tuesday Blitz June 6 Early 2023"]
[White "Svane, Rasmus"]
[Black "Ilamparthi A R"]
[WhiteFideId "4657101"]
[BlackFideId "45015775"]
[WhiteElo "2601"]
[BlackElo "2348"]
[Result "1-0"]
[Round "6"]
[TimeControl "180+2"]
[Date "2023.06.06"]
[WhiteClock "0:00:16"]
[BlackClock "0:00:04"]
[Board "16"]

1. Nf3 Nf6 2. g3 g6 3. Bg2 Bg7 4. d4 O-O 5. O-O d6 6. Re1 Nbd7 7. e4 e5 8. Nc3 Re8 9. a4 a5 10. h3 c6 11. Be3 Qc7 12. Nd2 b6 13. f4 Nh5 14. Nf1 Ba6 15. Kh2 Rad8 16. Bf3 Ndf6 17. Qd2 d5 18. fxe5 Nxe4 19. Nxe4 dxe4 20. Bxh5 gxh5 21. Qf2 c5 22. c3 cxd4 23. cxd4 Qd7 24. Nd2 Bb7 25. Qf4 Rc8 26. Re2 Rc2 27. b3 Rec8 28. Rf1 Qd5 29. Ref2 R8c3 30. Nc4 Ba6 31. Nxb6 Qe6 32. d5 Qxe5 33. Qxf7+ Kh8 34. Nd7 Qd6 35. Qe8+ Bf8 36. Nxf8 Rxe3 37. Ne6+ 1-0


[Site "https://www.chess.com"]

[Event "Titled Tuesday Blitz June 6 Early 2023"]
[White "Zhigalko, Sergei"]
[Black "Sokolovsky, Yahli"]
[WhiteFideId "13502956"]
[BlackFideId "2820242"]
[WhiteElo "2626"]
[BlackElo "2389"]
[Result "1-0"]
[Round "6"]
[TimeControl "180+2"]
[Date "2023.06.06"]
[WhiteClock "0:00:04"]
[BlackClock "0:00:14"]
[Board "17"]

1. e4 d6 2. d4 Nf6 3. Nc3 g6 4. Nf3 Bg7 5. Be3 a6 6. Bd3 O-O 7. O-O Nc6 8. d5 Na7 9. h3 e5 10. dxe6 Bxe6 11. Re1 Nc6 12. Qd2 Ne5 13. Nd4 Bd7 14. Bf1 c5 15. Nb3 Bc6 16. f4 Ned7 17. Qxd6 Nxe4 18. Nxe4 Bxe4 19. c3 Re8 20. Rad1 Bc6 21. Qd2 Qc7 22. Qd6 Qxd6 23. Rxd6 Bf8 24. Rdd1 b6 25. Nd2 Nf6 26. Nc4 Nd5 27. Ne5 Bb7 28. Bc4 Rad8 29. Bf2 f6 30. Bh4 Kg7 31. Ng4 Rxe1+ 32. Rxe1 Rd6 33. Rd1 h5 34. Nf2 Nxf4 35. Re1 Rd8 36. Bg3 Nxg2 37. Rc1 Ne3 38. Bb3 Nf5 39. Bf4 Nh4 40. Kf1 Nf3 41. Ke2 Bd6 42. Bxd6 Rxd6 43. Nd3 Re6+ 44. Bxe6 Ng5 45. Bb3 Nxh3 46. Ke3 Ng5 47. Nf4 f5 48. Ne6+ Kf6 49. Nxg5 Kxg5 50. Rg1+ Kf6 51. Kf4 g5+ 52. Rxg5 h4 53. Rxf5+ Kg6 54. Rg5+ Kh6 55. Rg8 Kh7 56. Rg4 1-0


[Site "https://www.chess.com"]

[Event "Titled Tuesday Blitz June 6 Early 2023"]
[White "Fernandez Guillen, Ernesto J."]
[Black "Kevlishvili, Robby"]
[WhiteFideId "3512428"]
[BlackFideId "1040634"]
[WhiteElo "2434"]
[BlackElo "2572"]
[Result "0-1"]
[Round "6"]
[TimeControl "180+2"]
[Date "2023.06.06"]
[WhiteClock "0:00:10"]
[BlackClock "0:00:39"]
[Board "18"]

1. e4 b6 2. d4 Bb7 3. Bd3 e6 4. Nd2 d5 5. e5 c5 6. c3 Nc6 7. Ne2 f6 8. f4 cxd4 9. cxd4 fxe5 10. dxe5 Nh6 11. O-O Bc5+ 12. Kh1 Ng4 13. Qe1 O-O 14. Nf3 Nb4 15. Bb1 d4 16. Qg3 d3 17. Qxg4 dxe2 18. Re1 Nd3 19. Bxd3 Qxd3 20. Qxe6+ Kh8 21. Qb3 Qxb3 22. axb3 Rad8 23. Nd2 Rxf4 24. Rxe2 a5 25. h3 Ba6 26. Re1 Bb7 27. Nf3 Rb4 28. Bg5 Re8 29. Rad1 Rxb3 30. e6 h6 31. Bh4 Rxf3 32. gxf3 Bxf3+ 33. Kh2 Bxd1 34. Rxd1 Rxe6 35. Rd2 Re4 36. Bg3 Rb4 37. Be5 Re4 38. Bc3 Bb4 39. Rd8+ Kh7 40. Bd4 Re2+ 41. Kg3 Be7 42. Rd7 Rd2 43. Kf4 Bf6 44. Ke3 Rxd4 45. Rxd4 Bxd4+ 46. Kxd4 g5 47. Kc4 h5 48. Kb5 g4 49. hxg4 hxg4 50. Kxb6 g3 51. Kxa5 g2 52. b4 g1=Q 53. b5 Qa7+ 0-1


[Site "https://www.chess.com"]

[Event "Titled Tuesday Blitz June 6 Early 2023"]
[White "Babazada, Khazar"]
[Black "Djordjevic, Vuk"]
[WhiteFideId "13413554"]
[BlackFideId "902098"]
[WhiteElo "2369"]
[BlackElo "2463"]
[Result "1-0"]
[Round "6"]
[TimeControl "180+2"]
[Date "2023.06.06"]
[WhiteClock "0:00:20"]
[BlackClock "0:00:02"]
[Board "19"]

1. e4 e6 2. Nf3 d5 3. d3 dxe4 4. dxe4 Qxd1+ 5. Kxd1 Nf6 6. Nfd2 Ng4 7. Ke1 Bc5 8. Be2 Bxf2+ 9. Kf1 Ne3+ 10. Kxf2 Nxc2 11. Nb3 a5 12. Bd3 Nxa1 13. Nxa1 b6 14. Nc3 Ba6 15. Rd1 Bxd3 16. Rxd3 Na6 17. Be3 Rd8 18. Rxd8+ Kxd8 19. Nc2 Kd7 20. e5 Nb4 21. Ne1 h6 22. Kf3 Rd8 23. a3 Nd5 24. Ne2 Nxe3 25. Kxe3 Kc6 26. Nd3 Kd5 27. b3 Kc6 28. Nd4+ Kd7 29. a4 c6 30. Nb2 Kc7 31. Nc4 Rd5 32. Ke4 b5 33. axb5 cxb5 34. Nxa5 Kd7 35. b4 f6 36. Nf3 Rd1 37. Nb3 Rb1 38. Nc5+ Ke7 39. Nd3 Kf7 40. Nd4 Rg1 41. Kf3 Rh1 42. Nxb5 Rxh2 43. Nf2 Rh4 44. g4 h5 45. Kg3 g5 46. exf6 Kxf6 47. Nd6 hxg4 48. b5 Rh8 49. b6 Rb8 50. Nc4 Kf5 51. Nd3 Ke4 52. Nb4 Kf5 53. Nc6 Ra8 54. b7 Rf8 55. Nd6+ Kf6 56. Nc8 Rh8 57. b8=Q 1-0


[Site "https://www.chess.com"]

[Event "Titled Tuesday Blitz June 6 Early 2023"]
[White "Ibarra Jerez, Jose Carlos"]
[Black "Weetik, Vjacheslav"]
[WhiteFideId "2226332"]
[BlackFideId "4153472"]
[WhiteElo "2631"]
[BlackElo "2469"]
[Result "1-0"]
[Round "6"]
[TimeControl "180+2"]
[Date "2023.06.06"]
[WhiteClock "0:00:51"]
[BlackClock "0:00:16"]
[Board "20"]

1. e4 c6 2. Nf3 d5 3. d3 g6 4. Qe2 Bg7 5. g3 dxe4 6. dxe4 e5 7. Bg2 Ne7 8. O-O O-O 9. a4 Qc7 10. Na3 f6 11. b3 Be6 12. Nc4 Na6 13. Ba3 Rfd8 14. Rfd1 c5 15. Ne3 Nb4 16. c3 Nbc6 17. Qc2 b6 18. Bf1 Bh6 19. Bc4 Bxc4 20. Nxc4 Rxd1+ 21. Rxd1 Rd8 22. h4 Qc8 23. Kg2 Qg4 24. Rxd8+ Nxd8 25. Qd3 Ne6 26. Kh2 Nf4 27. Qd8+ Bf8 28. Ng1 Ne2 29. Qd1 1-0


[Site "https://www.chess.com"]

[Event "Titled Tuesday Blitz June 6 Early 2023"]
[White "qx4z"]
[Black "Aravindh, Chithambaram VR."]
[BlackFideId "5072786"]
[WhiteElo "2752"]
[BlackElo "2596"]
[Result "1-0"]
[Round "6"]
[TimeControl "180+2"]
[Date "2023.06.06"]
[WhiteClock "0:00:10"]
[BlackClock "0:00:01"]
[Board "21"]

1. d4 c5 2. d5 e5 3. Nc3 d6 4. e4 Be7 5. Be2 Bg5 6. Nf3 Bxc1 7. Qxc1 Ne7 8. Nd2 O-O 9. O-O Ng6 10. Nc4 a6 11. a4 b6 12. g3 f5 13. exf5 Bxf5 14. Qd2 Ra7 15. Bd3 Ne7 16. Ne4 Bxe4 17. Bxe4 Nf5 18. f4 exf4 19. Rxf4 Raf7 20. Raf1 Nh6 21. Qd3 Rxf4 22. Bxh7+ Kh8 23. Rxf4 Rxf4 24. gxf4 b5 25. axb5 axb5 26. Ne3 c4 27. Qe4 Nd7 28. Bg6 Nc5 29. Qe8+ Qxe8 30. Bxe8 Na4 31. Bxb5 Nxb2 32. Bxc4 Na4 33. Bb5 Nc3 34. Bd3 Kg8 35. Kf2 Kf7 36. Ke1 Kf6 37. Kd2 Nb1+ 38. Kc1 Nc3 39. Kb2 Na4+ 40. Kb3 Nc5+ 41. Kc4 Ng8 42. Kd4 Ne7 43. Nc4 Nxd3 44. cxd3 Nf5+ 45. Ke4 g6 46. Ne3 Ne7 47. h4 Ng8 48. f5 Nh6 49. fxg6 Kxg6 50. Kf4 Ng8 51. Nf5 Nf6 52. Nxd6 Nxd5+ 53. Ke5 Nb4 54. d4 Kh5 55. Nf5 Kg4 56. Ke4 Kh5 57. Kf4 Nd3+ 58. Kg3 Nb4 59. Ne3 Nd3 60. d5 Nc5 61. Ng2 Kg6 62. Kf4 Kf6 63. h5 Nd3+ 64. Ke4 Nc5+ 65. Kd4 Nd7 66. Nf4 Kg5 67. Ke4 Kf6 68. d6 Kg5 69. Kd5 Kxf4 70. h6 Kg5 71. h7 Nf6+ 72. Kc6 Nxh7 73. d7 Kf5 74. d8=Q Nf6 75. Qe7 Ne4 76. Kd5 Nf6+ 77. Kd4 Ng4 78. Qf7+ Kg5 79. Ke4 Nf6+ 80. Kf3 Kf5 81. Ke3 Ke5 82. Qg6 Nd5+ 83. Kf3 Nf6 84. Qg5+ Ke6 85. Kf4 Nd5+ 86. Ke4 Nf6+ 87. Kd4 Nd7 88. Qd5+ Ke7 89. Qc6 Nf8 90. Ke5 Nd7+ 91. Kf5 Nf8 92. Qb7+ Nd7 93. Qc7 Ke8 94. Ke6 Nf8+ 95. Kd6 Ng6 96. Qg7 Ne7 97. Qxe7# 1-0


[Site "https://www.chess.com"]

[Event "Titled Tuesday Blitz June 6 Early 2023"]
[White "Danielyan, Vahe"]
[Black "Samadov, Read"]
[WhiteFideId "13304828"]
[BlackFideId "13417444"]
[WhiteElo "2423"]
[BlackElo "2355"]
[Result "0-1"]
[Round "6"]
[TimeControl "180+2"]
[Date "2023.06.06"]
[WhiteClock "0:00:01"]
[BlackClock "0:00:07"]
[Board "22"]

1. d4 Nf6 2. c4 g6 3. Nc3 Bg7 4. g3 d5 5. cxd5 Nxd5 6. Bg2 Nb6 7. Nf3 O-O 8. O-O Nc6 9. d5 Na5 10. e4 c6 11. dxc6 Nxc6 12. Qe2 Bg4 13. Be3 Qc8 14. Rfd1 Qe6 15. h3 Bxf3 16. Bxf3 Ne5 17. Bg2 Rfd8 18. Nd5 Rac8 19. b3 h5 20. Nxb6 axb6 21. Rxd8+ Rxd8 22. Rd1 Rxd1+ 23. Qxd1 Nd7 24. f4 h4 25. g4 Nc5 26. e5 Qc8 27. Qc2 Qd7 28. Qd2 Qc7 29. Qd5 Ne6 30. f5 gxf5 31. gxf5 Nc5 32. Bf4 e6 33. Qd6 Qc8 34. f6 Bf8 35. Qd1 Qd7 36. Qg4+ Kh7 37. Qxh4+ Kg8 38. Qg4+ Kh7 39. b4 Qd4+ 40. Kh2 Nd3 41. Qh5+ Kg8 42. Bg3 Qe3 43. Qg4+ Kh8 44. a3 Bh6 45. Qe4 Qd2 46. Qxb7 Nf4 47. Qf3 Nxg2 48. Qxg2 Qe3 49. a4 Qd3 50. a5 bxa5 51. bxa5 Qa3 52. Qa8+ Kh7 53. Qe4+ Kh8 54. Bf4 Qb2+ 55. Kg3 Qc3+ 56. Kh4 Bf8 57. Be3 Qxa5 58. Qf3 Qe1+ 59. Bf2 Qxe5 60. Qh5+ Qxh5+ 61. Kxh5 Bd6 62. Be3 Be5 63. Bg5 Kh7 64. h4 Bc3 65. Kg4 Kg6 66. h5+ Kh7 67. Bh4 Bd4 68. Bg5 Bc5 69. Kf4 Bb4 70. Ke4 Bd6 71. Kd4 Bf8 72. Kc4 Bh6 73. Bh4 Bc1 74. Kc5 Kh6 75. Kd6 Kxh5 76. Ke7 Kg6 77. Bg3 Bb2 78. Bh4 Bc3 79. Bg3 Bxf6+ 80. Kd6 Bg5 81. Ke5 Be7 82. Ke4 f5+ 83. Kf3 Kf7 84. Bc7 Bf6 85. Kf4 Ke7 86. Kf3 e5 87. Bb8 Ke6 88. Ke3 Bg5+ 89. Ke2 e4 90. Ba7 f4 91. Kf2 Kf5 92. Ke2 f3+ 93. Kf2 Bh4+ 94. Ke3 Bg5+ 95. Kf2 Bf4 96. Bb6 Ke6 97. Ba7 Kd5 98. Bb6 Kc4 99. Ba7 Kd3 100. Bb6 Be5 101. Bd8 Bd4+ 102. Kg3 Ke2 0-1


[Site "https://www.chess.com"]

[Event "Titled Tuesday Blitz June 6 Early 2023"]
[White "Nguyen, Ngoc Truong Son"]
[Black "Csonka, Balazs"]
[WhiteFideId "12401110"]
[BlackFideId "742910"]
[WhiteElo "2556"]
[BlackElo "2404"]
[Result "1-0"]
[Round "6"]
[TimeControl "180+2"]
[Date "2023.06.06"]
[WhiteClock "0:00:22"]
[BlackClock "0:00:05"]
[Board "23"]

1. d4 d5 2. c4 e6 3. Nc3 Bb4 4. cxd5 exd5 5. Bf4 c6 6. e3 Bf5 7. Bd3 Bxd3 8. Qxd3 Nf6 9. Ne2 O-O 10. O-O Re8 11. f3 Nbd7 12. Rad1 Nf8 13. e4 Ne6 14. e5 Nxf4 15. Nxf4 Nd7 16. Nfe2 Nb6 17. b3 c5 18. f4 Rc8 19. Kh1 c4 20. Qf3 cxb3 21. axb3 Re6 22. f5 Rec6 23. Rd3 Bxc3 24. Nxc3 Qh4 25. h3 h6 26. e6 Qf6 27. exf7+ Qxf7 28. Re1 Kh8 29. Re5 Re8 30. Nxd5 Nxd5 31. Qxd5 Rf8 32. Qxf7 Rxf7 33. d5 Rd6 34. g4 Rfd7 35. Kg2 Kg8 36. Kf3 Kf7 37. Ke4 b5 38. Re6 a5 39. Ke5 1-0


[Site "https://www.chess.com"]

[Event "Titled Tuesday Blitz June 6 Early 2023"]
[White "Kushko, Dmitriy"]
[Black "Grigorjev, Iljya"]
[WhiteFideId "14162261"]
[BlackFideId "24159565"]
[WhiteElo "2230"]
[BlackElo "2323"]
[Result "1-0"]
[Round "6"]
[TimeControl "180+2"]
[Date "2023.06.06"]
[WhiteClock "0:01:40"]
[BlackClock "0:00:11"]
[Board "24"]

1. Nf3 Nf6 2. g3 g6 3. Bg2 Bg7 4. d4 O-O 5. O-O d5 6. c4 Nc6 7. Nbd2 dxc4 8. Nxc4 Be6 9. b3 Bd5 10. Bb2 a5 11. Ne3 Be4 12. a3 Nd5 13. Nc4 Nb6 14. e3 Qd5 15. Ncd2 Bxf3 16. Bxf3 Qd8 17. Rc1 e5 18. Bxc6 bxc6 19. dxe5 Qd5 20. Nc4 Qe4 21. Qd4 Qxd4 22. Bxd4 Nd7 23. f4 Rab8 24. Nxa5 Ra8 25. b4 f6 26. e6 Nb6 27. Rxc6 Rfe8 28. f5 gxf5 29. Rxf5 Rad8 30. Rxc7 Nd5 31. Rd7 Ne7 32. Rxf6 Bxf6 33. Bxf6 Rxd7 34. exd7 Rd8 35. Bxe7 Rxd7 36. Bc5 Rd2 37. b5 Rb2 38. Bb4 1-0


[Site "https://www.chess.com"]

[Event "Titled Tuesday Blitz June 6 Early 2023"]
[White "Galchenko, Matvey"]
[Black "Horvath, Dominik"]
[WhiteFideId "24175480"]
[BlackFideId "1642561"]
[WhiteElo "2423"]
[BlackElo "2407"]
[Result "0-1"]
[Round "6"]
[TimeControl "180+2"]
[Date "2023.06.06"]
[WhiteClock "0:00:03"]
[BlackClock "0:00:15"]
[Board "25"]

1. f4 e5 2. fxe5 d6 3. Nf3 dxe5 4. e4 Nc6 5. Bc4 Bc5 6. Qe2 Nf6 7. Bxf7+ Kxf7 8. Qc4+ Ke8 9. Qxc5 Nxe4 10. Qe3 Nd6 11. Nxe5 Nf5 12. Qe2 Qh4+ 13. Kd1 Nxe5 14. Qxe5+ Ne7 15. c3 Bg4+ 16. Kc2 Bf5+ 17. Kb3 Rd8 18. d4 Rd5 19. Qe2 Bg4 20. Qe1 Qh5 21. a4 Rf8 22. Nd2 Rf6 23. Ka2 b5 24. a5 b4 25. cxb4 Rxd4 26. b3 Qd5 27. Nc4 Rxc4 28. bxc4 Qxc4+ 29. Ka3 Rd6 0-1


[Site "https://www.chess.com"]

[Event "Titled Tuesday Blitz June 6 Early 2023"]
[White "Kashlinskaya, Alina"]
[Black "Rustemov, Alexander"]
[WhiteFideId "4198026"]
[BlackFideId "4119002"]
[WhiteElo "2383"]
[BlackElo "2878"]
[Result "0-1"]
[Round "6"]
[TimeControl "180+2"]
[Date "2023.06.06"]
[WhiteClock "0:01:00"]
[BlackClock "0:00:08"]
[Board "26"]

1. Nf3 d5 2. g3 Nf6 3. Bg2 Bf5 4. O-O e6 5. d3 c6 6. Nbd2 h6 7. c4 Be7 8. b3 O-O 9. Bb2 a5 10. a3 Nbd7 11. Qc1 Re8 12. Bc3 Bd6 13. e4 dxe4 14. dxe4 Nxe4 15. Nxe4 Bxe4 16. Rd1 Qe7 17. Qd2 Bxf3 18. Bxf3 Be5 19. Qxd7 Bxc3 20. Ra2 Rad8 21. Qxe7 Rxd1+ 22. Bxd1 Rxe7 23. Rc2 Rd7 24. Bf3 Bd2 25. Kf1 Bg5 26. Ke2 c5 27. Rb2 Be7 28. Rd2 Rc7 29. h4 g6 30. h5 g5 31. g4 Kf8 32. Be4 Ke8 33. f3 b6 34. Rd3 Rc8 35. Bb7 Rc7 36. Be4 Kf8 37. Rd2 Kg7 38. Rd3 Kf6 39. Ke3 Ke5 40. Rd1 Bd6 41. Rd3 Rd7 42. Bc6 Rd8 43. Be4 Rb8 44. a4 Rd8 45. Bc6 Kf6 46. Be4 Ke7 47. Bc6 Bf4+ 48. Ke4 f5+ 49. gxf5 exf5+ 0-1


[Site "https://www.chess.com"]

[Event "Titled Tuesday Blitz June 6 Early 2023"]
[White "Darini, Pouria"]
[Black "Svane, Frederik"]
[WhiteFideId "12502200"]
[BlackFideId "12923044"]
[WhiteElo "2482"]
[BlackElo "2502"]
[Result "1/2-1/2"]
[Round "6"]
[TimeControl "180+2"]
[Date "2023.06.06"]
[WhiteClock "0:00:03"]
[BlackClock "0:00:07"]
[Board "27"]

1. e4 c5 2. Nf3 d6 3. d4 cxd4 4. Nxd4 Nf6 5. Nc3 Nc6 6. Bg5 e6 7. Qd2 a6 8. O-O-O Bd7 9. f4 Be7 10. Nf3 b5 11. Bxf6 gxf6 12. f5 Qa5 13. Kb1 Rc8 14. fxe6 fxe6 15. Qh6 Ne5 16. Qh5+ Kd8 17. Ne2 Kc7 18. Nf4 Kb8 19. Nd4 Qa4 20. b3 Qb4 21. Be2 Qc3 22. Qh3 Qxh3 23. gxh3 Rc3 24. Rhg1 Bf8 25. Ndxe6 Re3 26. Bh5 Rxe4 27. Rge1 Rxe1 28. Rxe1 Be7 29. Nd4 Rg8 30. Nd5 Bd8 31. Nf4 Rg5 32. Be2 Rg8 33. Rf1 Bb6 34. c3 b4 35. Nd5 Bxd4 36. cxd4 Nc6 37. Nxf6 Rd8 38. Rf4 Bc8 39. Bf3 Ne7 40. Be4 d5 41. Bxh7 Rd6 42. h4 Nc6 43. h5 Nxd4 44. Rxd4 Rxf6 45. Rxd5 Bb7 46. Rd8+ Kc7 47. Rd2 Rf4 48. Bg6 Rh4 49. Kc1 Bf3 50. Rf2 Bd5 51. Kd2 Kd6 52. Ke3 Ke5 53. Rf5+ Kd6 54. Rf2 Ke5 55. Ke2 Be6 56. Ke3 a5 57. Kd3 Rh3+ 58. Kd2 Bg4 59. Kc2 Kd4 60. Kd2 Ke5 61. Kc2 Be6 62. Re2+ Kd6 63. Kd2 Bg4 64. Rf2 Ke5 1/2-1/2


[Site "https://www.chess.com"]

[Event "Titled Tuesday Blitz June 6 Early 2023"]
[White "Sielecki, Christof"]
[Black "Mitrabha, Guha"]
[WhiteFideId "4620437"]
[BlackFideId "5057000"]
[WhiteElo "2443"]
[BlackElo "2507"]
[Result "1-0"]
[Round "6"]
[TimeControl "180+2"]
[Date "2023.06.06"]
[WhiteClock "0:00:26"]
[BlackClock "0:00:13"]
[Board "28"]

1. e4 c6 2. d4 d5 3. exd5 cxd5 4. Bd3 Nc6 5. c3 Qc7 6. h3 g6 7. Nf3 Bf5 8. O-O Nf6 9. Re1 e6 10. Bb5 h5 11. Qa4 Bd6 12. Ne5 O-O 13. Bf4 Rfc8 14. Nd2 a6 15. Bf1 b5 16. Qd1 b4 17. Rc1 bxc3 18. Rxc3 Qb7 19. Nb3 Ne4 20. Rxc6 Rxc6 21. Na5 Qxb2 22. Rxe4 Rc2 23. Re2 Rxe2 24. Bxe2 Qxa2 25. Nb7 Rb8 26. Nxd6 Rb1 27. Bc1 Qa1 28. Kh2 Rxc1 29. Qd2 Rc2 30. Qh6 Qxd4 31. Ndxf7 1-0


[Site "https://www.chess.com"]

[Event "Titled Tuesday Blitz June 6 Early 2023"]
[White "Fridman, Daniel"]
[Black "Sourath Biswas"]
[WhiteFideId "11600454"]
[BlackFideId "35091484"]
[WhiteElo "2538"]
[BlackElo "2171"]
[Result "0-1"]
[Round "6"]
[TimeControl "180+2"]
[Date "2023.06.06"]
[WhiteClock "0:00:29"]
[BlackClock "0:00:35"]
[Board "29"]

1. d4 Nf6 2. Nf3 g6 3. g3 Bg7 4. Bg2 O-O 5. c4 d6 6. Nc3 Nbd7 7. O-O e5 8. e4 b6 9. h3 Bb7 10. Re1 exd4 11. Nxd4 Re8 12. Bf4 Nc5 13. Qc2 Nfd7 14. Rad1 Bxd4 15. Rxd4 Ne6 16. Rdd1 Nxf4 17. gxf4 Qh4 18. Qd2 Nf6 19. e5 Bxg2 20. Kxg2 Nh5 21. Re4 f5 22. Rd4 c5 23. Rxd6 Nxf4+ 24. Kf3 Qxh3+ 25. Kxf4 g5+ 26. Kxg5 Qg4+ 27. Kh6 Qh4# 0-1


[Site "https://www.chess.com"]

[Event "Titled Tuesday Blitz June 6 Early 2023"]
[White "Yonal, Timur"]
[Black "demon64fields"]
[WhiteFideId "44115725"]
[WhiteElo "1966"]
[BlackElo "2849"]
[Result "0-1"]
[Round "6"]
[TimeControl "180+2"]
[Date "2023.06.06"]
[WhiteClock "0:01:14"]
[BlackClock "0:01:55"]
[Board "30"]

1. e4 e6 2. d4 d5 3. Nc3 Bb4 4. e5 c5 5. a3 Bxc3+ 6. bxc3 Nc6 7. Qg4 g6 8. Nf3 Bd7 9. Bd2 Qa5 10. a4 c4 11. h4 h6 12. h5 g5 13. Ng1 f5 14. exf6 Nxf6 15. Qd1 O-O-O 16. Nf3 Ne4 17. Ra3 Rhf8 18. Be2 g4 19. Bxh6 gxf3 20. gxf3 Nxc3 21. Qd2 Nxe2 22. Qxa5 Nxa5 23. Bxf8 Nxd4 24. Be7 Re8 25. Bd6 Nxc2+ 26. Kd2 Nxa3 27. Bxa3 e5 28. h6 Bf5 29. h7 Rh8 30. Rh5 Bxh7 31. Be7 d4 32. f4 c3+ 33. Kc1 Nb3+ 0-1


[Site "https://www.chess.com"]

[Event "Titled Tuesday Blitz June 6 Early 2023"]
[White "Gomez Ledo, Roberto Carlos"]
[Black "Makarian, Rudik"]
[WhiteFideId "3507076"]
[BlackFideId "44105681"]
[WhiteElo "2378"]
[BlackElo "2451"]
[Result "0-1"]
[Round "6"]
[TimeControl "180+2"]
[Date "2023.06.06"]
[WhiteClock "0:00:33"]
[BlackClock "0:01:49"]
[Board "31"]

1. d4 Nf6 2. Bf4 c5 3. c3 d5 4. e3 Nc6 5. Nd2 cxd4 6. cxd4 Bf5 7. Rc1 e6 8. a3 Bd6 9. Bxd6 Qxd6 10. Ngf3 O-O 11. Be2 Rac8 12. O-O a6 13. Nb3 Ne4 14. Nfd2 Rc7 15. Nxe4 Bxe4 16. Nc5 Bg6 17. b4 Rfc8 18. Qd2 Ne7 19. h3 Nf5 20. Bd3 Qe7 21. Bxf5 Bxf5 22. a4 b6 23. Nxa6 Rc2 24. Rxc2 Rxc2 25. Qd1 h5 26. Qf3 Bd3 27. Qd1 Bxf1 28. Kxf1 Rc8 29. Kg1 g6 30. Qe2 Rc4 31. Qf3 Kg7 32. Qf4 Qf6 33. Qg3 h4 34. Qg4 Rc1+ 35. Kh2 Qxf2 0-1


[Site "https://www.chess.com"]

[Event "Titled Tuesday Blitz June 6 Early 2023"]
[White "Shuvalova, Polina"]
[Black "Talibov, Shiroghlan"]
[WhiteFideId "24171760"]
[BlackFideId "13429078"]
[WhiteElo "2281"]
[BlackElo "2274"]
[Result "1/2-1/2"]
[Round "6"]
[TimeControl "180+2"]
[Date "2023.06.06"]
[WhiteClock "0:00:46"]
[BlackClock "0:00:52"]
[Board "32"]

1. e4 c6 2. d4 d5 3. exd5 cxd5 4. Bd3 Nc6 5. c3 g6 6. Nf3 Bg4 7. h3 Bxf3 8. Qxf3 e6 9. O-O Bg7 10. Qe2 Nge7 11. Nd2 O-O 12. Nf3 Qc7 13. g3 Rfe8 14. Bf4 Qd7 15. h4 f6 16. Rfe1 e5 17. dxe5 fxe5 18. Nxe5 Nxe5 19. Bxe5 Nc6 20. f4 Nxe5 21. fxe5 Rxe5 22. Qg2 Rae8 23. Rxe5 Bxe5 24. Rf1 Kg7 25. h5 Qg4 26. hxg6 hxg6 27. Qf3 Qxg3+ 28. Qxg3 Bxg3 29. Kg2 Bd6 30. Rf2 b6 31. Re2 Rxe2+ 32. Bxe2 Kf6 33. Kf3 Ke5 34. Bd3 g5 35. b3 Ba3 36. Kg4 Bb2 37. c4 dxc4 38. Bxc4 Bc1 39. a4 Kd4 40. Bg8 Kc3 41. Bf7 1/2-1/2


[Site "https://www.chess.com"]

[Event "Titled Tuesday Blitz June 6 Early 2023"]
[White "Khumalo, Keith"]
[Black "Tang, Andrew"]
[WhiteFideId "14319470"]
[BlackFideId "2059630"]
[WhiteElo "2056"]
[BlackElo "2600"]
[Result "0-1"]
[Round "6"]
[TimeControl "180+2"]
[Date "2023.06.06"]
[WhiteClock "0:01:56"]
[BlackClock "0:01:18"]
[Board "33"]

1. d4 d5 2. Nc3 Nf6 3. Bf4 a6 4. e3 e6 5. Nf3 Bd6 6. Ne5 b5 7. g4 Bb7 8. g5 Nfd7 9. Qh5 Bxe5 10. Bxe5 Nxe5 11. dxe5 d4 12. O-O-O Bxh1 13. Rxd4 Qe7 14. f3 Nc6 15. Rd1 Rd8 16. Bd3 Nxe5 17. Rxh1 Nxd3+ 18. cxd3 Rxd3 19. Qg4 O-O 20. Ne4 Kh8 21. Qh4 Rxe3 22. Nf6 gxf6 23. gxf6 Qc5+ 24. Kb1 Rg8 25. Qh6 Rxf3 0-1


[Site "https://www.chess.com"]

[Event "Titled Tuesday Blitz June 6 Early 2023"]
[White "Jeet, Jain"]
[Black "Pakleza, Zbigniew"]
[WhiteFideId "5073022"]
[BlackFideId "1119290"]
[WhiteElo "2067"]
[BlackElo "2410"]
[Result "1/2-1/2"]
[Round "6"]
[TimeControl "180+2"]
[Date "2023.06.06"]
[WhiteClock "0:00:15"]
[BlackClock "0:00:02"]
[Board "35"]

1. d4 d6 2. Nf3 Bg4 3. e3 Nf6 4. Be2 e6 5. c4 c6 6. Nc3 d5 7. h3 Bf5 8. O-O Nbd7 9. b3 Bd6 10. Bb2 O-O 11. Bd3 Bg6 12. Re1 Ne4 13. Bxe4 dxe4 14. Nd2 f5 15. f3 Bh5 16. Rf1 Qh4 17. Qe1 Bg3 18. Qc1 Nf6 19. Qc2 Qg5 20. f4 Qh4 21. Rfc1 Bf2+ 22. Kh1 Bxe3 23. Ba3 Bxd4 24. Bxf8 Rxf8 25. Rf1 Ng4 26. Rae1 Nf2+ 27. Kh2 Ng4+ 28. Kh1 Ne3 29. Rxe3 Bxe3 30. Ndxe4 fxe4 31. Qxe4 Bxf4 32. Qxe6+ Kh8 33. Ne4 Qd8 34. g4 Bg6 35. Nc5 b6 36. Nd7 Re8 37. Qxc6 Be3 38. Kh2 h6 39. Rf3 Bg5 40. Qxg6 Qxd7 41. Rf2 Qe7 42. Kg2 Rf8 43. Rxf8+ Qxf8 44. Qe4 Kg8 45. Qd5+ Kh8 46. Qe4 Qd8 47. Qg6 Qd2+ 48. Kf3 Qe3+ 49. Kg2 Qe2+ 50. Kg3 Qe3+ 51. Kg2 Qe7 52. Qf5 a5 53. Qc8+ Kh7 54. Qf5+ Kh8 55. Qc8+ Qd8 56. Qf5 Qd2+ 57. Kg3 Qd6+ 58. Kg2 Qe7 1/2-1/2


[Site "https://www.chess.com"]

[Event "Titled Tuesday Blitz June 6 Early 2023"]
[White "Chen, Justin"]
[Black "caropawn10"]
[WhiteFideId "2098199"]
[WhiteElo "2289"]
[BlackElo "2724"]
[Result "0-1"]
[Round "6"]
[TimeControl "180+2"]
[Date "2023.06.06"]
[WhiteClock "0:00:01"]
[BlackClock "0:00:44"]
[Board "36"]

1. c4 Nf6 2. Nc3 c5 3. Nf3 Nc6 4. d4 cxd4 5. Nxd4 e6 6. a3 a6 7. e4 Qc7 8. Be2 Nxd4 9. Qxd4 Bc5 10. Qd3 O-O 11. Qg3 Qxg3 12. hxg3 b6 13. f3 Bb7 14. e5 Ne8 15. Bf4 d6 16. O-O-O dxe5 17. Bxe5 f6 18. Bd4 Rf7 19. Na4 Bxd4 20. Rxd4 b5 21. Nb6 Rb8 22. c5 Nc7 23. b4 Nd5 24. Nxd5 Bxd5 25. Bd3 f5 26. Re1 a5 27. Kb2 g6 28. Bb1 axb4 29. axb4 Ra7 30. Rc1 Kf7 31. Rc3 h5 32. Ra3 Rba8 33. Rxa7+ Rxa7 34. Bd3 Rb7 35. Kc3 g5 36. Bxf5 Ra7 37. Rxd5 exd5 38. c6 Ke7 39. Bd7 Kd6 40. Kd4 Ra4 41. f4 Rxb4+ 0-1


[Site "https://www.chess.com"]

[Event "Titled Tuesday Blitz June 6 Early 2023"]
[White "Yuan, Qingyu"]
[Black "Hua, Lefong"]
[WhiteFideId "8609772"]
[BlackFideId "2602253"]
[WhiteElo "2359"]
[BlackElo "2643"]
[Result "1-0"]
[Round "6"]
[TimeControl "180+2"]
[Date "2023.06.06"]
[WhiteClock "0:00:46"]
[BlackClock "0:01:17"]
[Board "37"]

1. e4 c5 2. Nf3 g6 3. c3 Nc6 4. d4 d5 5. e5 cxd4 6. cxd4 Bg4 7. Nbd2 e6 8. h3 Bxf3 9. Nxf3 Bg7 10. Be2 Nge7 11. O-O O-O 12. Qb3 Nf5 13. Rd1 h5 14. Qxb7 Qb6 15. Qxb6 axb6 16. Bg5 Rfc8 17. a3 Na5 18. g4 hxg4 19. hxg4 Nh6 20. Nd2 Rc2 21. Rab1 Rac8 22. Ba6 Ra8 23. Bd3 Rc7 24. f3 Kf8 25. Rbc1 Rac8 26. Rxc7 Rxc7 27. Kf2 Ng8 28. Bd8 Rb7 29. Bb5 Bh6 30. g5 Bg7 31. Rc1 Ne7 32. Ke3 Nf5+ 33. Kd3 Kg8 34. Rc8 Kh7 35. Rc7 Rxc7 36. Bxc7 1-0


[Site "https://www.chess.com"]